 Dungeon Crawl Stone Soup version 0.32-a0-913-g739538afd8 (webtiles) character file.

Game seed: 6756461715676684848

544 mopl the Carver (level 7, -1/52 HPs)
             Began as a Merfolk Fighter on Apr 6, 2024.
             Was an Initiate of Okawaru.
             Incinerated by a bombardier beetle (5 damage)
             ... with a burning spray
             ... on level 4 of the Dungeon on Apr 9, 2024.
             The game lasted 00:03:30 (2613 turns).

mopl the Carver (Merfolk Fighter)                   Turns: 2613, Time: 00:03:31

Health: -1/52      AC:  9    Str: 18    XL:     7   Next: 27%
Magic:  7/7        EV:  6    Int:  8    God:    Okawaru [......]
Gold:   67         SH:  4    Dex: 13    Spells: 6/6 levels left

rFire   . . .        a - +0 long sword
rCold   . . .        c - +0 buckler
rNeg    . . .        q - +0 chain mail
rPois   +            i - +0 helmet
rElec   .            (no cloak)
rCorr   .            (no gloves)
SInv    .            (no boots)
Will    .....        m - amulet of magic regeneration Stlth
                     o - ring of poison resistance
HPRegen 0.28/turn    (no ring)
MPRegen 0.50/turn

%: no passive effects
@: on fire, glowing
A: (nimble swimmer 2), mertail
a: Renounce Religion


You were on level 4 of the Dungeon.
You worshipped Okawaru.
Okawaru was noncommittal.
You visited 2 branches of the dungeon, and saw 5 of its levels.
You also visited: Sewer.

You collected 67 gold pieces.

Inventory:

Hand Weapons
 a - a +0 long sword (weapon)
 b - the +7 sling of Roozeir {flame, Str+4}
   (You found it on level 3 of the Dungeon)

   Str+4:     It affects your strength (+4).
Missiles
 j - 18 poisoned darts (quivered)
 p - 4 javelins
Armour
 c - a +0 buckler (worn)
 i - a +0 helmet (worn)
 q - a +0 chain mail (worn)
Jewellery
 m - an amulet of magic regeneration (around neck)
 o - a ring of poison resistance (left hand)
Scrolls
 g - a scroll of amnesia {unknown}
 h - 2 scrolls of identify {unknown}
 n - 2 scrolls of fog {unknown}
 r - a scroll of enchant weapon {unknown}
 s - 2 scrolls of fear {unknown}
 t - 3 scrolls of blinking {unknown}
 w - 2 scrolls of revelation {unknown}
 y - a scroll of butterflies {unknown}
 A - a scroll of noise {unknown}
 B - a scroll of teleportation {unknown}
 D - a scroll of enchant armour {unknown}
Potions
 d - a potion of might
 e - a potion of mutation {unknown}
 f - a potion of degeneration {unknown}
 k - 3 potions of haste {unknown}
 l - a potion of attraction {unknown}
 u - 2 potions of invisibility {unknown}
 v - 2 potions of enlightenment {unknown}
 x - 2 potions of heal wounds {unknown}
 z - a potion of magic {unknown}
 C - 4 potions of curing {unknown}


   Skills:
 - Level 3.2 Fighting
 * Level 9.3 Long Blades
 - Level 2.1 Armour
 - Level 3.0 Shields


You had 6 spell levels left.
You didn't know any spells.
Your spell library contained the following spells:

 Spells                   Type           Power      Damage    Failure   Level
 Apportation              Tloc           0%         N/A       99%         1
 Ensorcelled Hibernation  Hex/Ice        0%         N/A       100%        2
 Jinxbite                 Hex            0%         N/A       100%        2
 Lesser Beckoning         Tloc           0%         N/A       100%        2
 Maxwell's Portable Pile  Tloc           0%         2d(5-13)  100%        3
 Passwall                 Erth           0%         N/A       100%        3
 Swiftness                Air            0%         N/A       100%        3
 Teleport Other           Tloc           0%         N/A       100%        3
 Alistair's Intoxication  Alch           0%         N/A       100%        5


Dungeon Overview and Level Annotations

Branches:
Dungeon (4/15)             Temple (1/1) D:4           Sewer (visited)

Altars:
Ashenzari
Cheibriados
Dithmenos
Elyvilon
Fedhas
Gozag
Hepliaklqana
Kikubaaqudgha
Makhleb
Nemelex Xobeh
Okawaru
Qazlal
Ru
Trog
Uskayaw
Vehumet
Wu Jian
Xom
Yredelemnul
The Shining One


Innate Abilities, Weirdness & Mutations

((You are very nimble when in or above water. (Stealth+, EV+, Speed+++)))
Your lower body shifts to a powerful aquatic tail in water.


Message History

You block the burning spray.
You barely miss the bombardier beetle.
The bombardier beetle is lightly wounded.
The liquid fire burns you!
You hit the bombardier beetle but do no damage.
The bombardier beetle is lightly wounded.
The liquid fire burns you!
You block the bombardier beetle's attack.
You are too injured to fight recklessly!
You hit the bombardier beetle.
The bombardier beetle is moderately wounded.
The liquid fire burns you!
You closely miss the bombardier beetle.
The bombardier beetle is moderately wounded.
The liquid fire burns you!
The bombardier beetle bites you but does no damage.
You hit the bombardier beetle.
The bombardier beetle is heavily wounded.
The liquid fire burns you!
* * * LOW HITPOINT WARNING * * *
The bombardier beetle bites you.
* * * LOW HITPOINT WARNING * * *
You completely miss the bombardier beetle.
The bombardier beetle is heavily wounded.
The liquid fire burns you!
* * * LOW HITPOINT WARNING * * *
You hit the bombardier beetle.
The bombardier beetle is severely wounded.
The liquid fire burns you!
* * * LOW HITPOINT WARNING * * *
The bombardier beetle bites you but does no damage.
You hit the bombardier beetle.
The bombardier beetle is severely wounded.
The liquid fire burns you!
* * * LOW HITPOINT WARNING * * *
The bombardier beetle bites you but does no damage.
You barely miss the bombardier beetle.
The bombardier beetle is severely wounded.
The liquid fire burns you!
You die...

......##.#..
.................##
..................
................#.
.... ..........#..
##..# ..........#..
#... #..........##
#B.# #............
##@####.# #......#
#.......####.......
#..$#..#..#.........
##.....#..#.........
#.#.###...).....#..
###.# #.........###
###..........###.
##.....##### ##
####.#..


You could see a bombardier beetle.

Vanquished Creatures
  Edmund (D:4)
  A crocodile (Sewer)
  3 kobold brigands (Sewer)
  Natasha (D:4)
  4 adders
  A dart slug (D:4)
  A ribbon worm (D:3)
  An orc (D:3)
  8 endoplasms
  6 giant cockroaches
  7 goblins
  3 hobgoblins
  2 jackals (D:3)
  2 quokkas
  9 ball pythons
  3 bats
  5 frilled lizards
  9 kobolds
  15 rats
82 creatures vanquished.

Notes
Turn   | Place    | Note
-------+----------+-------------------------------------------
     0 | D:1      | mopl the Merfolk Fighter began the quest for the Orb.
     0 | D:1      | Reached XP level 1. HP: 18/18 MP: 1/1
   450 | D:1      | Reached skill level 3 in Long Blades
   458 | D:1      | Reached XP level 2. HP: 24/24 MP: 2/2
   796 | D:1      | Reached skill level 4 in Long Blades
   868 | D:2      | Reached XP level 3. HP: 20/29 MP: 3/3
  1609 | D:3      | Upgraded the game from 0.32-a0-909-gc671339a80 to
                  | 0.32-a0-913-g739538afd8
  1676 | D:3      | Reached skill level 5 in Long Blades
  1676 | D:3      | Reached XP level 4. HP: 24/35 MP: 4/4
  1697 | D:3      | Found a glowing drain.
  1702 | Sewer    | Entered a sewer
  1779 | Sewer    | Noticed a kobold brigand
  1779 | Sewer    | Noticed a crocodile
  1788 | Sewer    | Killed a kobold brigand
  1789 | Sewer    | Reached skill level 6 in Long Blades
  1789 | Sewer    | Reached XP level 5. HP: 34/41 MP: 5/5
  1794 | Sewer    | Killed a crocodile
  1795 | Sewer    | Reached skill level 7 in Long Blades
  1795 | Sewer    | Reached XP level 6. HP: 26/47 MP: 6/6
  1921 | Sewer    | Reached skill level 8 in Long Blades
  2125 | D:3      | Identified the +7 sling of Roozeir {flame, Str+4}
  2358 | D:4      | Found a staircase to the Ecumenical Temple.
  2363 | D:4      | Noticed Natasha
  2374 | D:4      | Killed Natasha
  2375 | D:4      | Reached XP level 7. HP: 34/52 MP: 7/7
  2438 | Temple   | Entered the Ecumenical Temple
  2453 | Temple   | Became a worshipper of Warmaster Okawaru
  2480 | D:4      | Noticed Edmund
  2493 | D:4      | Killed Edmund
  2494 | D:4      | Reached skill level 9 in Long Blades
  2613 | D:4      | Incinerated by a bombardier beetle

Illustrated notes

Levels and vault maps discovered:
D:1:      dreamdust_arrival_beginning_and_end, layout_basic
D:2:      layout_loops_cross
D:3:      layout_rooms, mainiacjoe_sewer_entry_somewhere_in_here_1,
          kennysheep_generic_room_3
D:4:      layout_cave_pools, minmay_temple_entry_mini_moons, uniq_edmund,
          uniq_duvessa, uniq_natasha
Temple:   nicolae_temple_slightly_damp_pantheon

Skill      XL: |  1  2  3  4  5  6  7 |
---------------+----------------------+-----
Long Blades    | 3 4 5 6 7 8 9 |  9.3
Fighting       | |  3.2
Armour         | |  2.1
Shields        | |  3.0

Action                     |  1- 3 |  4- 6 |  7- 9 || total
---------------------------+-------+-------+-------++-------
  Melee: Long sword        |   143 |    88 |    21 ||   252
         Tailslap          |     1 |     7 |       ||     8
   Fire: Sling             |       |     9 |     3 ||    12
    Use: Potion            |       |     1 |       ||     1
 Armour: Scale mail        |    67 |       |       ||    67
         Chain mail        |    29 |    62 |     7 ||    98
  Dodge: Dodged            |    59 |    25 |     2 ||    86
  Block: Buckler           |    29 |    13 |     4 ||    46

Table legend: (Time is in decaauts)
 A = Elapsed time spent in this place.
 B = Non-inter-level travel time spent in this place.
 C = Inter-level travel time spent in this place.
 D = Time resting spent in this place.
 E = Time spent auto-exploring this place.
 F = Levels seen in this place.
 G = Mean time per level.
                   A        B        C        D        E       F      G
               +--------+--------+--------+--------+--------+-----+--------+
         Total |   2614 |   2504 |    110 |    197 |   1577 |   6 |  435.7 |
       Dungeon |   2259 |   2163 |     96 |    107 |   1487 |   4 |  564.8 |
        Temple |     29 |     15 |     14 |      0 |      0 |   1 |   29.0 |
         Sewer |    324 |    324 |      0 |     90 |     89 |   1 |  324.0 |
               +--------+--------+--------+--------+--------+-----+--------+

Top non-repeatable levels by time:
     D:1: 879 daAuts
     D:2: 673 daAuts
     D:3: 454 daAuts
   Sewer: 324 daAuts
     D:4: 252 daAuts
  Temple: 29 daAuts
